 Dungeon Crawl Stone Soup version 0.31.0-10-gcf4a605ca0 (webtiles) character file.

Game seed: 18119946513996329434

199741 STRONGBLACKMAN the Severer (level 18, -27/261 HPs)
             Began as a Minotaur Berserker on Jan 26, 2024.
             Was a High Priest of Trog.
             Annihilated by a naga warrior
             ... wielding a +0 halberd
              (29 damage)
             ... on level 4 of the Snake Pit.
             The game lasted 00:45:08 (28301 turns).

STRONGBLACKMAN the Severer (Minotaur Berserker)    Turns: 28301, Time: 00:45:08

Health: -27/261    AC: 24    Str: 32    XL:     18   Next: 25%
Magic:  17/17      EV: 18    Int:  4    God:    Trog [*****.]
Gold:   171        SH: 17    Dex: 20    Spells: 17/17 levels left

rFire   + . .        a - +4 broad axe (flame)
rCold   . . .        Z - +5 Storm Queen's Shield {shock, Fly rElec}
rNeg    . . .        I - +1 plate armour {rF+}
rPois   +            x - +0 hat
rElec   +            U - +0 cloak {rPois}
rCorr   .            G - +0 pair of gloves of Zacelunu {rF- Str+2 Dex+2 SInv}
SInv    +            D - +0 pair of boots {rampage}
Will    +++++        V - necklace of Bloodlust {Fury *Rage Will++ Int-3 Slay+6} Stlth
                     Q - ring of Veriteo {Int+3 Dex+6}
HPRegen 1.63/turn    w - ring of Boroja {rF+ Str+2}
MPRegen 0.15/turn

%: random rage (50%), rampage
@: berserking, lethally poisoned (-27 -> -31), marked, weakened, strong-willed,
flying, regenerating, very quick
A: horns 2, retaliatory headbutt
a: Renounce Religion, Berserk, Trog's Hand, Brothers in Arms


You were on level 4 of the Snake Pit.
You worshipped Trog.
Trog was extremely pleased with you.
You visited 4 branches of the dungeon, and saw 26 of its levels.
You also visited: Volcano.

You collected 3304 gold pieces.
You spent 3133 gold pieces at shops.

Inventory:

Hand Weapons
 a - a +4 broad axe of flaming (weapon)
 d - a +3 broad axe of venom
Missiles
 M - 4 throwing nets (quivered)
Armour
 x - a +0 hat (worn)
 D - a +0 pair of boots of rampaging (worn)
 G - the +0 pair of gloves of Zacelunu (worn) {rF- Str+2 Dex+2 SInv}
   (You found it in a volcano)

   Str+2:     It affects your strength (+2).
   Dex+2:     It affects your dexterity (+2).
   rF-:       It makes you vulnerable to fire.
   SInv:      It lets you see invisible.
 I - a +1 plate armour of fire resistance (worn)
 U - a +0 cloak of poison resistance (worn)
 Z - the +5 Storm Queen's Shield (worn) {shock, Fly rElec}
   (You took it off Donald on level 2 of the Snake Pit)

   Shock:     When it blocks an attack, it may electrocute the attacker.
   This works even against foes who are a short distance away.
   rElec:     It insulates you from electricity.
   Fly:       It grants you flight.
Jewellery
 l - the ring of Ru's Grace {Fly rN+ Will+}
   (You found it on level 3 of the Dungeon)

   [ring of willpower]

   rN+:       It protects you from negative energy.
   Will+:     It increases your willpower.
   Fly:       It grants you flight.
 w - the ring of Boroja (right hand) {rF+ Str+2}
   (You found it on level 10 of the Dungeon)

   [ring of protection from fire]

   Str+2:     It affects your strength (+2).
   rF+:       It protects you from fire.
 Q - the ring of Veriteo (left hand) {Int+3 Dex+6}
   (You found it on level 2 of the Dungeon)

   [ring of dexterity]

   Int+3:     It affects your intelligence (+3).
   Dex+6:     It affects your dexterity (+6).
 V - the necklace of Bloodlust (around neck) {Fury *Rage Will++ Int-3 Slay+6}
   (You bought it in a shop on level 1 of the Orcish Mines)

   [amulet of nothing]

   Fury:      It extends the wearer's berserk rage when killing foes.
   Int-3:     It affects your intelligence (-3).
   Slay+6:    It affects your accuracy & damage with ranged weapons and melee
   (+6).
   Will++:    It greatly increases your willpower.
   *Rage:     It berserks you when you make melee attacks (+50% chance).
Wands
 m - a wand of iceblast (20)
 n - a wand of digging (1)
 A - a wand of paralysis (7)
 P - a wand of polymorph (16)
 S - a wand of mindburst (6)
 W - a wand of light (15)
Scrolls
 f - 4 scrolls of revelation
 g - 13 scrolls of teleportation
 h - 3 scrolls of fog
 j - 5 scrolls of fear
 o - 7 scrolls of enchant weapon
 q - 2 scrolls of blinking
 u - 4 scrolls of enchant armour
 v - 7 scrolls of immolation
 y - 4 scrolls of summoning
 C - 6 scrolls of identify
 L - a scroll of brand weapon
 N - a scroll of vulnerability
 O - a scroll of poison
 R - a scroll of silence
Potions
 b - 2 potions of haste
 c - 10 potions of curing
 e - 5 potions of enlightenment
 i - 4 potions of resistance
 k - 2 potions of cancellation
 p - 2 potions of magic
 s - 2 potions of ambrosia
 z - a potion of berserk rage
 B - 3 potions of attraction
 E - 2 potions of lignification
 F - 5 potions of mutation
 H - 2 potions of heal wounds
 J - 4 potions of might
 Y - a potion of invisibility
Miscellaneous
 K - a lightning rod (4/4)
 T - a sack of spiders


   Skills:
 * Level 18.9 Fighting
 * Level 18.9 Axes
 * Level 18.0 Armour
 * Level 16.2 Dodging
 * Level 7.9 Shields
 * Level 8.9 Evocations


You had 17 spell levels left.
You didn't know any spells.
Your spell library was empty.

Dungeon Overview and Level Annotations

Branches:
Dungeon (15/15)            Temple (0/1) D:6            Lair (5/5) D:9
 Shoals (0/4) Lair:3        Snake (4/4) Lair:3        Slime (0/5) Lair:5
    Orc (2/2) D:9             Elf (0/3) Orc:2        Vaults (0/5) D:13
 Depths (0/4) D:15        Volcano (visited)

Altars:
Fedhas
Hepliaklqana
Nemelex Xobeh
Okawaru
Ru
Trog
Wu Jian
Xom
Zin

Shops:
D:5 ?   D:12 :   Orc:1 *!**=   Orc:2 !*[(   Snake:3 *

Annotations:
D:15 1 runed translucent door


Innate Abilities, Weirdness & Mutations

You have a pair of horns on your head.
You reflexively headbutt those who attack you in melee.


Message History

* * * LOW HITPOINT WARNING * * *
Unknown command.
You carve the naga mage like a ham!!! You burn the naga mage.
You kill the naga mage!
Trog accepts your kill.
Trog appreciates your killing of a magic user.
You hit the naga sharpshooter. You burn the naga sharpshooter.
You hit the naga warrior. You burn the naga warrior.
You hit the naga but do no damage.
You feel sick. You block the naga's attack. x2
The naga sharpshooter shoots an arrow.
You block the arrow.
The naga sharpshooter spits poison at you.
The splash of poison misses you.
The splash of poison hits the naga sharpshooter.
The naga sharpshooter is poisoned.
The naga warrior hits you with a +0 flail!!
* * * LOW HITPOINT WARNING * * *
The naga warrior grabs you. The naga warrior constricts you.
The naga warrior spits poison at you.
The splash of poison hits you but does no damage.
You resist.
You escape the naga warrior's grasp.
You feel very sick. You block the naga mage's attack.
Your shield discharges, shocking the naga mage!
You block the naga's attack. x2
The naga sharpshooter unwields a +0 war axe.
The naga sharpshooter wields a +0 shortbow.
The naga sharpshooter mumbles some strange words.
The naga sharpshooter magically shoots an arrow.
The arrow hits you but does no damage. The naga mage completely misses you.
The black mamba completely misses you. You furiously retaliate!
You headbutt the black mamba! The naga misses you.
The naga sharpshooter shoots a bolt.
The bolt hits you!
* * * LOW HITPOINT WARNING * * *
The naga mage gestures at you while chanting.
The bolt of poison misses the naga.
The bolt of poison hits the naga sharpshooter.
The bolt of poison misses you.
The naga warrior hits you from afar with a +0 halberd!!
You die...

#.............# #.
#....#.....#..# #.
#.............# #.
.##..#........##
##
..##....⌠...###. #
...#..NNN....#..
##
.#...N#NNN.....#
#.
..N.NNN)#NNN.....
#.
.....NNN@NN.#.....
#.
.......SNN........
#.
........NNN.......
#.
....#N$NNN.......
#.
................
#.
...........N....
#.
................
#. ..........?....
#. ##


You could see a nagaraja (fast, strong, catching breath), 3 naga warriors, 6
naga sharpshooters, a salamander mystic (strong), a salamander (strong), a naga
ritualist (strong), a black mamba, 6 naga magi and 8 nagas.

Vanquished Creatures
  Vashnia (Snake:3)
  Saint Roka (Orc:2)
  A lich (D:15)
  Gastronok (Lair:3)
  Donald (Snake:2)
  A tengu reaver (D:15)
  2 nagarajas (Snake:4)
  A frost giant (D:15)
  The ghost of Livid the Grappler, a journeyman TrSh (Lair:5)
  A very ugly thing (D:15)
  Nessos (D:12)
  Azrael (D:13)
  The ghost of Aneyh the Warrior, a journeyman TeMo of Hepliaklqana (D:15)
  2 fire dragons (D:15)
  A yaktaur captain (D:15)
  Harold (D:11)
  3 anacondas
  2 rakshasas (D:15)
  A vault guard (D:13)
  A catoblepas (Lair:3)
  A death knight (D:15)
  6 ogre magi
  4 boulder beetles
  5 hydras
  3 salamander tyrants
  A dancing weapon (D:13)
  8 two-headed ogres
  7 centaur warriors
  8 death yaks
  The ghost of Persephone the Grappler, a journeyman VSFi of Gozag (D:11)
  A tengu warrior (D:15)
  5 shock serpents
  7 naga warriors
  12 naga sharpshooters
  3 orc high priests (Orc:2)
  Sonja (D:11)
  Amaemon (Lair:1)
  2 skeletal warriors (D:15)
  A skyshark (Lair:4)
  4 salamander mystics
  9 mana vipers
  The ghost of monsoonserge the Slicer, a novice SpMo of Uskayaw (D:9)
  2 orc knights (D:15)
  2 phantasmal warriors (D:15)
  24 ugly things
  A necromancer (D:15)
  6 naga ritualists
  3 wolf spiders
  2 manticores
  13 orc sorcerers
  6 salamanders
  A cyclops (D:14)
  27 elephants
  A kobold blastminer (Orc:2)
  An orange demon (Lair:1)
  4 guardian serpents
  7 naga magi
  4 torpor snails
  31 black mambas
  A smoke demon (Volcano)
  2 gargoyles (D:12)
  16 cane toads
  A rime drake (shapeshifter) (D:15)
  An unseen horror (D:8)
  A kobold demonologist (D:14)
  An efreet (D:15)
  2 freezing wraiths (D:15)
  2 rime drakes (Lair:5)
  8 komodo dragons
  A tengu conjurer (D:15)
  2 red devils (Volcano)
  4 trolls
  A merfolk (Lair:3)
  2 polar bears
  6 dream sheep
  10 hornets
  17 blink frogs
  5 slime creatures (D:15)
  3 vampires
  3 shadows
  2 centaur simulacra (D:15)
  2 fire elementals (D:13)
  17 wyverns
  6 basilisks
  A wyvern (shapeshifter) (D:14)
  Grum (D:11)
  59 yaks
  2 wraiths
  2 steam dragons (D:8)
  3 wargs (Orc:2)
  3 redbacks
  2 neqoxecs (D:9)
  5 vampire mosquitoes (D:12)
  24 nagas
  An acid dragon (D:9)
  4 hell hounds
  16 water moccasins
  17 orc warriors
  5 ice beasts
  A black bear (shapeshifter) (D:14)
  7 ogres
  18 wolves
  7 centaurs
  2 phantoms
  6 kobold brigands
  15 bullfrogs
  A gnoll sergeant (D:7)
  6 scorpions
  4 wights (D:9)
  4 killer bees (D:7)
  4 electric eels
  11 howler monkeys
  3 quasits (D:9)
  A jelly (D:7)
  2 bombardier beetles
  27 orc priests
  A sleepcap (D:6)
  2 hell rats (D:9)
  3 iguanas
  41 orc wizards
  A boggart simulacrum (D:15)
  Robin (D:2)
  5 gnolls (D:7)
  5 adders
  2 white imps
  6 dart slugs
  A ribbon worm (D:2)
  53 orcs
  3 bats
  3 endoplasms
  5 giant cockroaches
  12 goblins
  10 hobgoblins
  4 jackals (D:1)
  5 quokkas
  7 ball pythons
  2 frilled lizards (D:1)
  23 kobolds
  10 rats
836 creatures vanquished.

Vanquished Creatures (collateral kills)
  3 salamanders (Snake:2)
  A black mamba (Snake:4)
4 creatures vanquished.

Vanquished Creatures (others)
  A centaur warrior (D:15)
  A naga (Snake:1)
  An orc warrior (Orc:2)
3 creatures vanquished.

Grand Total: 843 creatures vanquished

Notes
Turn   | Place    | Note
-------+----------+-------------------------------------------
     0 | D:1      | STRONGBLACKMAN the Minotaur Berserker began the quest for
                  | the Orb.
     0 | D:1      | Reached XP level 1. HP: 19/19 MP: 0/0
   147 | D:1      | Reached XP level 2. HP: 21/27 MP: 1/1
   400 | D:1      | Reached ** piety under Trog
   401 | D:1      | Reached XP level 3. HP: 32/34 MP: 2/2
   562 | D:2      | Found a shimmering altar of Xom.
   927 | D:2      | Identified the ring of Veriteo {Int+3 Dex+6}
   951 | D:2      | Noticed Robin
   953 | D:2      | Reached XP level 4. HP: 41/41 MP: 3/3
   961 | D:2      | Killed Robin
   964 | D:2      | Reached skill level 5 in Fighting
   972 | D:2      | Reached skill level 5 in Axes
  1359 | D:3      | Identified the ring of Ru's Grace {Fly rN+ Will+}
  1501 | D:3      | Found a hazy altar of Hepliaklqana.
  1801 | D:3      | Reached XP level 5. HP: 46/48 MP: 4/4
  1930 | D:4      | Noticed a phantom
  1943 | D:4      | Killed a phantom
  2073 | D:4      | Reached *** piety under Trog
  2074 | D:4      | Reached XP level 6. HP: 57/57 MP: 5/5
  2155 | D:4      | Identified the +7 hand axe "Hoelefu" {flame, rPois Str+2}
  2361 | D:5      | Entered Level 5 of the Dungeon
  2383 | D:5      | Found Tariuzausm's Magic Scroll Emporium.
  2387 | D:5      | Bought a scroll of teleportation for 36 gold pieces
  2387 | D:5      | Bought a scroll of fog for 48 gold pieces
  2387 | D:5      | Bought a scroll of fog for 48 gold pieces
  2755 | D:5      | Reached XP level 7. HP: 64/64 MP: 6/6
  3527 | D:6      | Reached skill level 5 in Armour
  3541 | D:6      | Reached XP level 8. HP: 61/74 MP: 7/7
  3610 | D:6      | Found an iron altar of Okawaru.
  3628 | D:6      | Found a staircase to the Ecumenical Temple.
  4552 | D:7      | Found a shimmering altar of Xom.
  4570 | D:7      | Reached skill level 1 in Shields
  4576 | D:7      | Noticed a hornet
  4583 | D:7      | Killed a hornet
  4617 | D:7      | Reached XP level 9. HP: 44/83 MP: 8/8
  5347 | D:8      | Reached **** piety under Trog
  5433 | D:8      | Killed an unseen horror
  5434 | D:8      | Reached skill level 5 in Dodging
  5945 | D:8      | Found a glowing silver altar of Zin.
  6076 | D:9      | Found a transporter.
  6081 | D:9      | Noticed monsoonserge's ghost (novice SpMo)
  6097 | D:9      | Found a transporter.
  6102 | D:9      | Noticed a two-headed ogre
  6108 | D:9      | Killed a two-headed ogre
  6109 | D:9      | Reached skill level 10 in Fighting
  6109 | D:9      | Reached skill level 10 in Axes
  6109 | D:9      | Reached skill level 5 in Shields
  6188 | D:9      | Found a sacrificial altar of Ru.
  6189 | D:9      | Reached XP level 10. HP: 93/93 MP: 9/9
  6311 | D:9      | Noticed a death yak
  6312 | D:9      | Noticed a death yak
  6314 | D:9      | Found a staircase to the Lair.
  6314 | D:9      | Noticed a death yak
  6323 | D:9      | Killed a death yak
  6327 | D:9      | Killed a death yak
  6329 | D:9      | Killed a death yak
  6870 | D:9      | Noticed a two-headed ogre
  6875 | D:9      | Killed a two-headed ogre
  6957 | D:9      | Found a staircase to the Orcish Mines.
  6998 | D:9      | Found an ornate altar of the Wu Jian Council.
  7006 | D:9      | Found a blossoming altar of Fedhas.
  7125 | D:9      | Killed monsoonserge's ghost
  7126 | D:9      | Reached XP level 11. HP: 102/102 MP: 10/10
  7127 | D:9      | Identified the ring "Koxote" {Will+++ Str-5 Dex+6}
  7190 | D:10     | Entered Level 10 of the Dungeon
  7538 | D:10     | Found a sparkling altar of Nemelex Xobeh.
  7607 | D:10     | Noticed a two-headed ogre
  7614 | D:10     | Killed a two-headed ogre
  7697 | D:10     | Identified the ring of Boroja {rF+ Str+2}
  8069 | Lair:1   | Entered Level 1 of the Lair of Beasts
  8107 | Lair:1   | Reached skill level 1 in Evocations
  8139 | Lair:1   | Paralysed by a hornet for 1 turns
  8145 | Lair:1   | Reached skill level 10 in Armour
  8436 | Lair:1   | Noticed Amaemon
  8445 | Lair:1   | Killed Amaemon
  8588 | Lair:1   | Reached XP level 12. HP: 106/113 MP: 11/11
  8596 | Lair:1   | Reached ***** piety under Trog
  9006 | Lair:2   | Found a transporter.
  9007 | Lair:2   | Found a transporter.
  9046 | Lair:2   | Noticed a boulder beetle
  9046 | Lair:2   | Noticed a boulder beetle
  9092 | Lair:2   | Killed a boulder beetle
  9095 | Lair:2   | Killed a boulder beetle
  9199 | Lair:2   | Noticed a six-headed hydra
  9214 | Lair:2   | Killed a six-headed hydra
  9215 | Lair:2   | Reached skill level 10 in Dodging
 10236 | Lair:3   | Found a staircase to the Snake Pit.
 10238 | Lair:3   | Identified the ring of Hedonism {Fire Dex+3 Slay+3}
 10310 | Lair:3   | Found a dark tunnel.
 10322 | Volcano  | Entered a volcano
 10459 | Volcano  | Identified the +0 pair of gloves of Zacelunu {rF- Str+2
                  | Dex+2 SInv}
 10697 | Lair:3   | Reached XP level 13. HP: 93/122 MP: 12/12
 10778 | Lair:3   | Noticed Gastronok
 10793 | Lair:3   | Killed Gastronok
 11088 | Lair:3   | Found a staircase to the Shoals.
 12565 | Lair:4   | Reached skill level 5 in Evocations
 12998 | Lair:5   | Entered Level 5 of the Lair of Beasts
 13237 | Lair:5   | Received a gift from Trog
 13320 | Lair:5   | Reached XP level 14. HP: 119/133 MP: 13/13
 13353 | Lair:5   | Reached skill level 15 in Axes
 13382 | Lair:5   | Found a runed translucent gate.
 13383 | Lair:5   | Found a runed translucent gate.
 13404 | Lair:5   | Found a runed translucent gate.
 13452 | Lair:5   | Reached skill level 15 in Fighting
 13570 | Lair:5   | Found the +5 glaive of the Guard {elec, spectral}
 13764 | Lair:5   | Reached ****** piety under Trog
 14033 | Lair:5   | Found a staircase to the Slime Pits.
 14238 | Lair:5   | Received a gift from Trog
 14708 | Lair:5   | Noticed Livid's ghost (journeyman TrSh)
 14723 | Lair:5   | Killed Livid's ghost
 14980 | D:11     | Noticed Grum
 14995 | D:11     | Killed Grum
 15036 | D:11     | Found a runed translucent gate.
 15036 | D:11     | Found a runed translucent gate.
 15036 | D:11     | Found a runed translucent gate.
 15053 | D:11     | Noticed Sonja
 15056 | D:11     | Killed Sonja
 15234 | D:11     | Noticed Harold
 15246 | D:11     | Killed Harold
 15478 | D:11     | Noticed Persephone's ghost (journeyman VSFi)
 15678 | D:11     | Killed Persephone's ghost
 15844 | D:12     | Found Radweu's Book Emporium.
 15866 | D:12     | You fall into a shaft and drop 1 floor!
 15885 | D:13     | Noticed Azrael
 15893 | D:13     | Killed Azrael
 15894 | D:13     | Reached skill level 15 in Armour
 16501 | D:13     | Found a gate to the Vaults.
 16867 | D:12     | Reached XP level 15. HP: 144/144 MP: 14/14
 16922 | D:12     | Noticed Nessos
 16946 | D:12     | Killed Nessos
 17275 | D:12     | Identified the +2 battleaxe "Igyturee" {antimagic, rElec
                  | rN+ rCorr Int-4} (Trog gifted it to you on level 12 of the
                  | Dungeon)
 17275 | D:12     | Received a gift from Trog
 17604 | D:14     | Found a bloodstained altar of Trog.
 17992 | D:15     | Entered Level 15 of the Dungeon
 18018 | D:15     | Found a staircase to the Depths.
 18155 | D:15     | Noticed a frost giant
 18208 | D:15     | Killed a frost giant
 18678 | D:15     | Noticed Aneyh's ghost (journeyman TeMo)
 18842 | D:15     | Found a runed translucent door.
 18846 | D:15     | Noticed a tengu reaver
 18847 | D:15     | Noticed a lich
 18853 | D:15     | Found a runed translucent door.
 19089 | D:15     | Killed Aneyh's ghost
 19103 | D:15     | Received a gift from Trog
 19109 | D:15     | Killed a tengu reaver
 19133 | D:15     | Killed a lich
 19138 | D:15     | Reached XP level 16. HP: 59/155 MP: 15/15
 19380 | Orc:1    | Entered Level 1 of the Orcish Mines
 19382 | Orc:1    | Found Afuntu's General Store.
 19397 | Orc:1    | Bought a wand of paralysis (3) for 108 gold pieces
 19397 | Orc:1    | Bought a scroll of identify for 30 gold pieces
 19397 | Orc:1    | Bought a potion of enlightenment for 75 gold pieces
 19453 | Orc:1    | Found Munesch's Jewellery Shoppe.
 19573 | Orc:1    | Found Mohisuas's General Store.
 19585 | Orc:1    | Bought a scroll of immolation for 56 gold pieces
 19585 | Orc:1    | Bought the necklace of Bloodlust {Fury *Rage Will++ Int-3
                  | Slay+6} for 634 gold pieces
 19585 | Orc:1    | Found the necklace of Bloodlust {Fury *Rage Will++ Int-3
                  | Slay+6}
 20039 | Orc:1    | Found Ycaarud's Distillery.
 20047 | Orc:1    | Bought a potion of curing for 45 gold pieces
 20047 | Orc:1    | Bought a potion of mutation for 120 gold pieces
 20047 | Orc:1    | Bought a potion of lignification for 45 gold pieces
 20047 | Orc:1    | Bought a potion of cancellation for 120 gold pieces
 20047 | Orc:1    | Bought 2 potions of might for 120 gold pieces
 20047 | Orc:1    | Bought a potion of heal wounds for 75 gold pieces
 20079 | Orc:1    | Found Mireucki's General Store.
 20082 | Orc:1    | Bought a scroll of teleportation for 48 gold pieces
 20082 | Orc:1    | Bought a scroll of identify for 32 gold pieces
 20182 | Orc:2    | Entered Level 2 of the Orcish Mines
 20408 | Orc:2    | Received a gift from Trog
 20435 | Orc:2    | Found Honiargho's Armour Boutique.
 20435 | Orc:2    | Found Onte's Distillery.
 20435 | Orc:2    | Found Sapnarch's Assorted Antiques.
 20464 | Orc:2    | Found Ekop's Weapon Boutique.
 20644 | Orc:2    | Bought an encrusted gold wand for 128 gold pieces
 20647 | Orc:2    | Bought a potion of experience for 650 gold pieces
 20647 | Orc:2    | Bought a potion of attraction for 39 gold pieces
 20647 | Orc:2    | Bought a potion of cancellation for 104 gold pieces
 20647 | Orc:2    | Bought a potion of curing for 39 gold pieces
 20693 | Orc:2    | Noticed Saint Roka
 20706 | Orc:2    | Killed Saint Roka
 20707 | Orc:2    | Reached skill level 15 in Dodging
 20852 | Orc:2    | Found a staircase to the Elven Halls.
 21360 | Orc:2    | Reached XP level 17. HP: 163/163 MP: 16/16
 21385 | Orc:2    | Bought a potion of resistance for 130 gold pieces
 21578 | Snake:1  | Entered Level 1 of the Snake Pit
 21716 | Snake:1  | Received a gift from Trog
 23813 | Snake:2  | Noticed Donald
 23823 | Snake:2  | Killed Donald
 25240 | Snake:3  | Received a gift from Trog
 25288 | Snake:3  | Noticed Vashnia
 25299 | Snake:3  | Killed Vashnia
 25921 | Snake:3  | Identified the +0 scale mail of Integrity {rElec Dex-3 SInv
                  | Stlth+}
 25951 | Snake:3  | Reached XP level 18. HP: 173/173 MP: 17/17
 26035 | Snake:3  | Found Udeng's Gadget Gallery.
 26080 | Snake:3  | Bought a wand of iceblast (7) for 235 gold pieces
 26080 | Snake:3  | Bought a wand of iceblast (5) for 168 gold pieces
 26199 | Snake:3  | Identified the +0 robe of Lograwosum {+Inv rElec rCorr}
 26375 | Snake:4  | Entered Level 4 of the Snake Pit
 28300 | Snake:4  | HP: 12/261 [naga warrior/+0 flail (25)]
 28301 | Snake:4  | HP: 2/261 [naga sharpshooter/bolt (8)]
 28301 | Snake:4  | Annihilated by a naga warrior

Illustrated notes

Levels and vault maps discovered:
D:1:      amcnicky_arrival_feature_with_door, layout_rooms, minmay_surrounded
D:2:      layout_loops_ring, basic_altar, grunt_ministairs_15, uniq_robin
D:3:      layout_basic, mainiacjoe_overflow_cross_hatched
D:4:      layout_rooms, serial_park_tiny_2
D:5:      layout_loops_corners, serial_shops, shop
D:6:      wander_river, layout_loops_ring, mainiacjoe_overflow_tiny_flanked,
          minmay_temple_entry_overgrown
D:7:      layout_rooms, xom_teletrap_fun
D:8:      layout_basic, amcnicky_altar_gilded
D:9:      layout_roguey, mainiacjoe_overflow_small_starburst,
          jmf_multi_god_temple2, dpeg_lair_monsters, orc_0_dummy,
          gammafunk_ghost_stat_death, serial_bayou_ford_a
D:10:     layout_gridville, nemelex_diamond_rough_becter
D:11:     layout_roguey, gammafunk_ghost_hydra_chop, uniq_grum, uniq_harold,
          uniq_sonja
D:12:     minmay_twisted_water, layout_gridville, serial_shops, shop,
          uniq_nessos
D:13:     layout_basic, erik_vaults_1, uniq_azrael
D:14:     layout_cave_pools, bloody_trog
D:15:     grunt_enter_depths_hoard, layout_rooms, muffindrake_ghost_dual_entry,
          minivault_12
Lair:1:   layout_big_grid, pdpol_lair_cavern_descent, serial_bayou_shore_a,
          uniq_amaemon
Lair:2:   gammafunk_boulding_lane, layout_small_grid
Lair:3:   layout_long_grid, elwin_shoals_entry_rooms,
          guppyfry_snake_entry_garden, serial_rivers,
          chequers_serial_rivers_marsh, chequers_serial_rivers_micro_b,
          chequers_serial_rivers_large_a, chequers_serial_rivers_small_3,
          chequers_serial_rivers_room_b, lightli_volcano_entry_magma_tube,
          nicolae_quartered_pool_super, infiniplex_staircase_pool_2,
          uniq_gastronok
Lair:4:   layout_roguey, infiniplex_staircase_pool
Lair:5:   hangedman_lair_tendril_chambers, layout_regular_city,
          dpeg_slime_entry_enclosed, ebering_ghost_rock_garden,
          chequers_serial_rivers_micro_a, st_stairs_12
Snake:1:  layout_chambers
Snake:2:  layout_misc_corridors, uniq_donald
Snake:3:  layout_misc_corridors, nicolae_shop_gadgets, uniq_vashnia
Snake:4:  snake_pit, layout_onion, serial_library_hellmonk_room_c,
          lemuel_fruit_tree
Orc:1:    hellmonk_paralyzer, layout_diamond_mine, serial_shops,
          nicolae_shop_hallway_stairs, shop, shop, shop,
          nicolae_shop_real_fake_doors
Orc:2:    st_orc_mages, layout_diamond_mine, bh_open_orc_temple, uniq_saint_roka

Skill      XL: |  1  2  3  4  5  6  7  8  9 10 11 12 13 14 15 16 17 18 |
---------------+-------------------------------------------------------+-----
Fighting       | 4 5 6 8 9 10 11 12 13 14 16 17 18 | 18.9
Axes           | 4 5 6 8 9 10 11 12 13 14 16 17 18 | 18.9
Armour         | 3 4 5 6 8 9 11 12 13 15 16 17 18 | 18.0
Dodging        | 4 5 7 9 10 12 13 14 15 16 | 16.2
Shields        | 2 5 6 7 |  7.9
Evocations     | 2 4 5 6 7 8 |  8.9

Action                     |  1- 3 |  4- 6 |  7- 9 | 10-12 | 13-15 | 16-18 || total
---------------------------+-------+-------+-------+-------+-------+-------++-------
  Melee: Hand axe          |    75 |   109 |   158 |    48 |       |       ||   390
         Headbutt          |    12 |    22 |    34 |    96 |   274 |    97 ||   535
         War axe           |       |       |       |   199 |       |       ||   199
         Demon whip        |       |       |       |   216 |   621 |       ||   837
         Broad axe         |       |       |       |       |   456 |   282 ||   738
         Executioner's axe |       |       |       |       |       |   143 ||   143
 Invoke: Berserk           |     1 |       |     3 |     4 |    10 |       ||    18
         Trog's Hand       |       |       |     1 |     3 |     7 |     3 ||    14
         Brothers in Arms  |       |       |       |       |       |     1 ||     1
  Evoke: Wand              |       |       |       |       |     2 |       ||     2
         Lightning rod     |       |       |       |       |     2 |       ||     2
         Sack of spiders   |       |       |       |       |       |     1 ||     1
    Use: Scroll            |       |     7 |     3 |     4 |    10 |     4 ||    28
         Potion            |       |       |     2 |       |     1 |     2 ||     5
 Armour: Animal skin       |    22 |       |       |       |       |       ||    22
         Ring mail         |    31 |    17 |       |       |       |       ||    48
         Chain mail        |       |    46 |    58 |       |       |       ||   104
         Plate armour      |       |       |    42 |   392 |   728 |   226 ||  1388
  Dodge: Dodged            |    35 |    55 |    54 |   207 |   428 |   149 ||   928
  Block: Buckler           |       |       |    23 |   115 |   214 |    15 ||   367
         Kite shield       |       |       |       |       |       |    91 ||    91
